 Dungeon Crawl Stone Soup version 0.30-a0-986-g7f2e898f52 (webtiles) character file.

Game seed: 8131446145071021775

614 Gotegar the Chopper (level 7, -5/61 HPs)
             Began as a Hill Orc Berserker on Apr 1, 2023.
             Was a Follower of Trog.
             Slain by a gnoll sergeant
             ... wielding a +2 heavy spear
              (7 damage)
             ... on level 5 of the Dungeon.
             The game lasted 00:44:40 (4070 turns).

Gotegar the Chopper (Hill Orc Berserker)            Turns: 4070, Time: 00:44:40

Health: -5/61      AC: 17    Str: 22    XL:     7   Next: 44%
Magic:  7/7        EV:  5    Int:  7    God:    Trog [*.....]
Gold:   172        SH:  7    Dex: 10    Spells: 6/6 levels left

rFire   . . .      SeeInvis +    a - +0 hand axe
rCold   . . .      Faith    .    B - +0 kite shield
rNeg    . . .      Spirit   .    W - +0 plate armour
rPois   .          Reflect  .    (no helmet)
rElec   .          Rampage  .    (no cloak)
rCorr   .                        T - +0 pair of gloves
Will    .....                    (no boots) Stlth
                                 s - amulet of the acrobat
HPRegen 0.30/turn                c - ring of see invisible
MPRegen 0.10/turn                R - +4 ring of protection

@: on berserk cooldown, slowed, very slow
A: no striking features
a: Renounce Religion, Berserk


You were on level 5 of the Dungeon.
You worshipped Trog.
Trog was aware of your devotion.
You visited 2 branches of the dungeon, and saw 6 of its levels.

You collected 172 gold pieces.

Inventory:

Hand Weapons
 a - a +0 hand axe (weapon)
 e - a +0 spear
 j - a +0 short sword
 k - a +0 flail
 m - a +0 spear
 q - a +0 dagger
 u - a +0 spear
 v - a +0 sling
 x - a +0 whip
 A - a +0 arbalest
 C - a +0 battleaxe
 H - a +0 whip
 I - a +0 dagger
 J - a +0 heavy mace
 M - a +0 dagger
 S - a +0 short sword
Missiles
 o - 36 stones (quivered)
 G - 2 poisoned darts
Armour
 b - a +0 animal skin
 p - a +0 ring mail
 t - a +0 robe
 z - a +0 scale mail
 B - a +0 kite shield (worn)
 F - the +1 robe of Melancholy {rF- rC+ Stlth+}
   (You found it on level 2 of the Dungeon)

   rF:        It makes you vulnerable to fire.
   rC:        It protects you from cold.
   Stlth:     It makes you more stealthy.
 K - a +0 leather armour
 N - a +0 robe
 Q - a +0 robe
 T - a +0 pair of gloves (worn)
 W - a +0 plate armour (worn)
Jewellery
 c - a ring of see invisible (left hand)
 n - a ring of see invisible
 s - an amulet of the acrobat (around neck)
 R - a +4 ring of protection (right hand)
Scrolls
 d - 2 scrolls of identify {unknown}
 g - a scroll of fog {unknown}
 h - 2 scrolls of teleportation {unknown}
 r - a scroll of amnesia {unknown}
 y - a scroll of acquirement {unknown}
 D - 3 scrolls of noise {unknown}
 L - a scroll of enchant weapon {unknown}
 O - 4 scrolls of fear {unknown}
 P - a scroll of enchant armour {unknown}
 V - a scroll of vulnerability {unknown}
Potions
 f - 3 potions of curing {unknown}
 i - a potion of might {unknown}
 l - 5 potions of magic {unknown}
 w - a potion of degeneration {unknown}
 E - a potion of brilliance {unknown}
 U - a potion of heal wounds {unknown}
 X - 4 potions of attraction {unknown}


   Skills:
 * Level 5.5 Fighting
 * Level 7.6 Axes
 + Level 0.3 Throwing
 * Level 4.9 Armour
 + Level 2.1 Dodging
 + Level 0.1 Stealth
 * Level 1.2 Shields


You had 6 spell levels left.
You didn't know any spells.
Your spell library was empty.

Dungeon Overview and Level Annotations

Branches:
Dungeon (5/15)             Temple (1/1) D:4

Altars:
Ashenzari
Cheibriados
Dithmenos
Elyvilon
Gozag
Hepliaklqana
Kikubaaqudgha
Makhleb
Nemelex Xobeh
Qazlal
Ru
Sif Muna
Trog
Uskayaw
Wu Jian
Zin
The Shining One


Message History

The black bear is heavily wounded.
You slash the gnoll!
The gnoll sergeant hits you from afar with a +2 heavy spear!
The gnoll hits you but does no damage.
The gnoll throws a throwing net.
The throwing net hits you.
You become entangled in the net!
The gnoll hits you from afar with a +0 spear.
The black bear bites you but does no damage.
The black bear claws you but does no damage. x2
The gnoll hits you but does no damage.
A hound comes into view.
You struggle against the net.
The hound barks!
You hear an angry hiss.
The gnoll hits you from afar with a +0 spear.
The gnoll sergeant hits you from afar with a +2 heavy spear.
The black bear bites you but does no damage.
The black bear completely misses you.
The black bear claws you but does no damage.
The gnoll hits you with a +0 whip.
The gnoll hits you but does no damage. x3
The gnoll barely misses you. The gnoll hits you but does no damage.
The gnoll barely misses you.
The black bear bites you but does no damage.
The black bear claws you but does no damage. x2
Okay, then.
You tear a large gash into the net.
The gnoll sergeant hits you from afar with a +2 heavy spear!
* * * LOW HITPOINT WARNING * * *
The gnoll hits you from afar with a +0 spear!
* * * LOW HITPOINT WARNING * * *
The gnoll hits you from afar with a +0 halberd.
* * * LOW HITPOINT WARNING * * *
The gnoll hits you from afar with a +0 spear.
* * * LOW HITPOINT WARNING * * *
The black bear bites you but does no damage.
The black bear claws you but does no damage. x2
The gnoll hits you with a +0 whip.
* * * LOW HITPOINT WARNING * * *
You can't go down here!
You shred the net and break free! The gnoll hits you but does no damage.
The gnoll sergeant hits you from afar with a +2 heavy spear!
You die...

.## ...##
.....##
#.....##
.#....g.##
.....gg..#
....lgh@#
....hg......#
.....#...##..#
.... ##..# #
... #.## .#
... ... ...


You could see a black bear, a gnoll sergeant, an iguana, a hound and 4 gnolls.

Vanquished Creatures
  Grinder (D:4)
  An ogre (D:4)
  A howler monkey (D:4)
  A hound (D:3)
  2 jellies (D:4)
  Jessica (D:2)
  4 adders
  3 gnolls (D:3)
  2 worms
  A dart slug (D:1)
  3 orcs (D:2)
  6 ball pythons
  8 bats
  2 endoplasms
  4 giant cockroaches
  7 goblins
  7 hobgoblins
  7 jackals
  6 quokkas
  8 frilled lizards
  9 kobolds
  3 rats
87 creatures vanquished.

Notes
Turn   | Place    | Note
-------+----------+-------------------------------------------
     0 | D:1      | Gotegar the Hill Orc Berserker began the quest for the Orb.
     0 | D:1      | Reached XP level 1. HP: 19/19 MP: 1/1
   214 | D:1      | Reached XP level 2. HP: 21/27 MP: 2/2
   511 | D:1      | Reached XP level 3. HP: 32/33 MP: 3/3
  1156 | D:2      | Identified the +1 robe of Melancholy {rF- rC+ Stlth+}
  1229 | D:2      | Reached ** piety under Trog
  1309 | D:2      | Reached skill level 5 in Axes
  1442 | D:2      | Noticed Jessica
  1452 | D:2      | Killed Jessica
  1453 | D:2      | Reached XP level 4. HP: 41/41 MP: 4/4
  1964 | D:3      | Reached XP level 5. HP: 47/47 MP: 5/5
  2138 | D:3      | Found a faded altar of an unknown god.
  2261 | D:3      | Reached skill level 6 in Axes
  2824 | D:4      | Reached skill level 5 in Fighting
  2854 | D:4      | Found an ornate altar of the Wu Jian Council.
  2887 | D:4      | Reached XP level 6. HP: 49/56 MP: 6/6
  3370 | D:4      | Reached skill level 7 in Axes
  3456 | D:4      | Found a staircase to the Ecumenical Temple.
  3467 | Temple   | Entered the Ecumenical Temple
  3693 | D:4      | Noticed Grinder
  3699 | D:4      | Killed Grinder
  3700 | D:4      | Reached skill level 1 in Shields
  3700 | D:4      | Reached XP level 7. HP: 61/61 MP: 7/7
  4059 | D:5      | Entered Level 5 of the Dungeon
  4069 | D:5      | HP: 3/61 [gnoll/+0 spear[a gnoll sergeant] (5)]
  4070 | D:5      | Slain by a gnoll sergeant

Illustrated notes

Levels and vault maps discovered:
D:1:      zelgadis_glass_arrival_small, layout_loops_ring,
          dreamdust_princess_bridge
D:2:      layout_basic, st_stairs_1, uniq_jessica
D:3:      layout_loops_ring, shapermc_ecumenical_altar_totnotflames
D:4:      layout_basic, old_standard_altar, minmay_temple_entry_poolview,
          minmay_liquid_box, uniq_grinder
D:5:      layout_cave_pools, mainiacjoe_overflow_concentric_impassable,
          lightli_sewer_entry_pipes, ebering_ghost_sewer_d
Temple:   nicolae_temple_x_marks_the_god

Skill      XL: |  1  2  3  4  5  6 |
---------------+-------------------+-----
Fighting       | 4 5 |  5.5
Axes           | 5 6 7 |  7.6
Dodging        | 2 |  2.1
Armour         | 3 4 |  4.9
Shields        | 1 |  1.2
Throwing       | |  0.3
Stealth        | |  0.1

Action                     |  1- 3 |  4- 6 |  7- 9 || total
---------------------------+-------+-------+-------++-------
  Melee: Hand axe          |    98 |   172 |     3 ||   273
         Punch             |       |     1 |       ||     1
   Fire: Sling             |       |     2 |       ||     2
  Throw: Stone             |       |     8 |       ||     8
 Invoke: Berserk           |     7 |     9 |     1 ||    17
         Trog's Hand       |       |     1 |       ||     1
 Armour: Animal skin       |    12 |       |       ||    12
         Scale mail        |     8 |     9 |       ||    17
         Plate armour      |       |    82 |    40 ||   122
  Dodge: Dodged            |    71 |    61 |    11 ||   143
  Block: Kite shield       |       |    15 |     8 ||    23

Table legend: (Time is in decaauts)
 A = Elapsed time spent in this place.
 B = Non-inter-level travel time spent in this place.
 C = Inter-level travel time spent in this place.
 D = Time resting spent in this place.
 E = Time spent auto-exploring this place.
 F = Levels seen in this place.
 G = Mean time per level.
                   A        B        C        D        E       F      G
               +--------+--------+--------+--------+--------+-----+--------+
         Total |   4240 |   4101 |    139 |    407 |   1886 |   6 |  706.7 |
       Dungeon |   4139 |   4000 |    139 |    407 |   1875 |   5 |  827.8 |
        Temple |    100 |    100 |      0 |      0 |     11 |   1 |  100.0 |
               +--------+--------+--------+--------+--------+-----+--------+

Top non-repeatable levels by time:
     D:4: 1212 daAuts
     D:3: 1051 daAuts
     D:1: 993 daAuts
     D:2: 868 daAuts
  Temple: 100 daAuts
     D:5: 13 daAuts
